 Dungeon Crawl Stone Soup version 0.29.0-11-gd7f09526c8 (webtiles) character file.

Game seed: 18409234187873241126

88 styxcanada the Sneak (level 4, 0/23 HPs)
             Began as a Spriggan Brigand on Sept 3, 2022.
             Succumbed to an adder's poison
             ... on level 2 of the Dungeon.
             The game lasted 00:04:54 (1364 turns).

styxcanada the Sneak (Spriggan Brigand)             Turns: 1364, Time: 00:04:55

Health: 0/23       AC:  4    Str:  7    XL:     4   Next: 30%
Magic:  5/5        EV: 17    Int: 12    God:
Gold:   42         SH:  5    Dex: 18    Spells: 3/3 levels left

rFire   + . .      SeeInvis +   a - +2 dagger
rCold   . . .      Faith    .   (no shield)
rNeg    . . .      Spirit   .   h - +1 robe {rF+}
rPois   .          Reflect  +   (helmet restricted)
rElec   .          Harm     .   c - +0 cloak
rCorr   .          Rampage  .   (gloves unavailable)
Will    .....                   (boots unavailable)
Stlth   ++++......              i - amulet of reflection
HPRegen 0.07/turn               (no ring)
MPRegen 0.09/turn               (no ring)

@: lethally poisoned (0 -> -3), very quick
A: very small, no large weapons, unfitting armour, see invisible, speed 3
a: no special abilities


You were on level 2 of the Dungeon.
You visited 1 branch of the dungeon, and saw 2 of its levels.

You collected 42 gold pieces.

Inventory:

Hand Weapons
 a - a +2 dagger (weapon)
Missiles
 d - 7 poisoned darts (quivered)
 e - 3 curare-tipped darts
Armour
 c - a +0 cloak (worn)
 h - a +1 robe of fire resistance (worn)
Jewellery
 i - an amulet of reflection (around neck)
Wands
 n - a wand of digging (5)
Scrolls
 b - a scroll of fear {unknown}
 f - a scroll of fog {unknown}
 j - a scroll of amnesia {unknown}
 k - 2 scrolls of teleportation {unknown}
Potions
 g - a potion of brilliance {unknown}
 l - a potion of attraction {unknown}
 m - 2 potions of degeneration {unknown}


   Skills:
 * Level 2.0 Fighting
 + Level 2.3 Short Blades
 + Level 2.1 Throwing
 * Level 2.4 Dodging
 * Level 7.9 Stealth


You had 3 spell levels left.
You didn't know any spells.
Your spell library contained the following spells:

 Spells                   Type           Power      Damage    Failure   Level
 Fireball                 Conj/Fire      0%         3d3       100%        5
 Iskenderun's Battlesphe  Conj           0%         2d6       100%        5
 Conjure Ball Lightning   Conj/Air       0%         3x3d6     100%        6
 Orb of Destruction       Conj           0%         9d5       100%        7


Dungeon Overview and Level Annotations

Branches:
Dungeon (2/15)

Altars:
Yredelemnul


Innate Abilities, Weirdness & Mutations

You are very small and have problems with some larger weapons.
You are too small for most types of armour.
You have supernaturally acute eyesight. (SInv)
You cover ground extremely quickly. (Speed+++)


Message History

The adder is moderately wounded.
You block the adder's attack. The adder closely misses you.
The kobold barely misses you. You block the adder's attack.
You hit the adder.
The adder is heavily wounded.
The adder closely misses you. You block the kobold's attack.
The adder closely misses you. The adder misses you.
You completely miss the adder.
The adder is heavily wounded.
The adder barely misses you. The kobold hits you but does no damage.
The adder closely misses you.
You miss the adder.
The adder is heavily wounded.
The adder misses you. The adder bites you but does no damage.
The kobold barely misses you.
You hit the adder.
The adder is severely wounded.
The adder closely misses you. The adder bites you.
You hit the adder.
The adder is severely wounded.
The adder barely misses you. The kobold closely misses you.
The adder bites you.
You are poisoned.
The adder poisons you!
You miss the adder.
The adder is severely wounded.
You feel sick. The adder bites you. The adder completely misses you.
You block the kobold's attack.
You hit the adder but do no damage.
The adder is severely wounded.
You feel sick. The adder closely misses you. You block the adder's attack.
You block the kobold's attack. The adder misses you.
You hit the adder.
You kill the adder!
You feel sick. You block the adder's attack.
The kobold hits you with a +0 long sword!
* * * LOW HITPOINT WARNING * * *
The adder bites you but does no damage. The kobold completely misses you.
You die...

## ##. ##. #.. ##..#
##. ## #...S###.. #.
#...#... ######.###
#.....# .........#
##### ##._.##
#...#...#
#...###/....# #..@.#
#.#..#...#...
#..K.###.#.....###..
#..#.SS...(#..## #.
...#.##########..# .
##.##. #### [ #. #.
# # ## .. #.##.# #


You could see an adder, a ball python and a kobold.

Vanquished Creatures
  Jessica (D:2)
  3 adders (D:2)
  2 dart slugs (D:1)
  3 endoplasms (D:1)
  A goblin (D:2)
  2 hobgoblins (D:1)
  7 jackals (D:1)
  6 ball pythons
  4 bats
  3 frilled lizards (D:1)
  2 rats (D:1)
34 creatures vanquished.

Notes
Turn   | Place    | Note
-------+----------+-------------------------------------------
     0 | D:1      | styxcanada the Spriggan Brigand began the quest for the
                  | Orb.
     0 | D:1      | Reached XP level 1. HP: 10/10 MP: 2/2
    26 | D:1      | Reached skill level 6 in Stealth
   124 | D:1      | Reached XP level 2. HP: 15/15 MP: 3/3
   316 | D:1      | Reached skill level 7 in Stealth
   572 | D:1      | Reached XP level 3. HP: 18/18 MP: 4/4
  1118 | D:2      | Noticed Jessica
  1141 | D:2      | Killed Jessica
  1142 | D:2      | Reached XP level 4. HP: 23/23 MP: 5/5
  1300 | D:2      | Found a basalt altar of Yredelemnul.
  1331 | D:2      | Found a faded altar of an unknown god.
  1362 | D:2      | HP: 1/23 [kobold/+0 long sword (8)]
  1364 | D:2      | Succumbed to an adder's poison

Illustrated notes

Levels and vault maps discovered:
D:1:      evilmike_arrival_plus, layout_rooms, palyth_stone_intersect,
          minmay_statues_item, minmay_misc_feat_five
D:2:      layout_loops_ring, basic_altar, nicolae_ecumenical_snake_handling,
          uniq_sigmund, uniq_jessica

Skill      XL: |  1  2  3 |
---------------+----------+-----
Stealth        | 6 7 |  7.9
Fighting       | 2 |  2.0
Dodging        | 2 |  2.4
Short Blades   | |  2.3
Throwing       | |  2.1

Action                   |  1- 3 |  4- 6 || total
-------------------------+-------+-------++-------
Melee: Dagger            |    58 |    18 ||    76
Throw: Dart              |     5 |     2 ||     7
 Stab: Sleeping          |    12 |       ||    12
       Distracted        |     1 |       ||     1
Armor: Robe              |    11 |     6 ||    17
Dodge: Dodged            |    29 |    30 ||    59
Block: Other             |       |     9 ||     9
